 Dungeon Crawl Stone Soup version 0.22-a0-614-g34fbaa0 (webtiles) character file.

170 KarmaPolice the Vandal (level 5, -3/54 HPs)
             Began as a Halfling Hunter on July 3, 2018.
             Killed from afar by an orc wizard (7 damage)
             ... with a puff of frost
             ... on level 2 of the Dungeon on July 13, 2018.
             The game lasted 00:12:32 (2440 turns).

KarmaPolice the Vandal (Halfling Hunter)            Turns: 2440, Time: 00:12:33

Health: -3/54      AC: 22    Str: 14    XL:     5   Next: 80%
Magic:  5/5        EV:  3    Int:  9    God:
Gold:   112        SH:  0    Dex: 15    Spells: 4/4 levels left

rFire    . . .     SeeInvis .   b - +0 short sword
rCold    . . .     Gourm    .   (shield restricted)
rNeg     + + +     Faith    .   (armour currently unavailable)
rPois    +         Spirit   .   (helmet currently unavailable)
rElec    .         Reflect  .   (cloak currently unavailable)
rCorr    .         Harm     .   (gloves currently unavailable)
MR       .....     NoTele   +   (boots currently unavailable)
Stlth    ++........             (no amulet)
HPRegen  0.18/turn              (no ring)
MPRegen  0.09/turn              (no ring)

@: tree-form
A: small, mutation resistance 1
a: no special abilities


You were on level 2 of the Dungeon.
You were hungry.
You were a tree.
You visited 1 branch of the dungeon, and saw 3 of its levels.

You collected 112 gold pieces.

Inventory:

Hand Weapons
 a - a +1 hunting sling
 b - a +0 short sword (weapon)
Missiles
 d - 19 sling bullets
 e - 121 stones (quivered)
Armour
 c - a +0 leather armour (melded)
 j - a +0 cloak (melded)
 m - a +0 helmet (melded)
 q - a +0 pair of gloves (melded)
Scrolls
 g - a scroll of random uselessness {unknown}
 i - a scroll of immolation {unknown}
 l - a scroll of remove curse {unknown}
 s - a scroll of identify {unknown}
Potions
 h - a potion of mutation {unknown}
 k - a potion of magic {unknown}
 n - a potion of brilliance {unknown}
 o - a potion of cancellation {unknown}
 r - a potion of lignification
 t - a potion of curing {unknown}
Comestibles
 f - 6 rations
 p - a chunk of flesh


   Skills:
 + Level 3.2 Fighting
 + Level 3.3 Short Blades
 + Level 7.3 Slings
 - Level 2.1 Dodging
 - Level 1.1 Stealth


You had 4 spell levels left.
You didn't know any spells.
Your spell library was empty.

Dungeon Overview and Level Annotations

Branches:
Dungeon (3/15)

Altars:
Cheibriados


Innate Abilities, Weirdness & Mutations

You are small and have problems with some larger weapons.
You are somewhat resistant to further mutation.


Message History

Your roots penetrate the ground.
The orc wizard hits you but does no damage.
Okay, then.
You closely miss the orc wizard.
The orc wizard is moderately wounded.
The orc wizard hits you but does no damage. x2
You closely miss the orc wizard.
The orc wizard is moderately wounded.
The orc wizard hits you but does no damage.
You hit the orc wizard but do no damage.
The orc wizard is moderately wounded.
The orc wizard hits you but does no damage.
You hit the orc wizard.
The orc wizard is heavily wounded.
The orc wizard hits you but does no damage. x2
You closely miss the orc wizard.
The orc wizard is heavily wounded.
The orc wizard gestures at you while chanting.
The puff of frost hits you!
You die...

......### #)#.....# ........#
#.#.....##### ######
........####>#.........#####.....
.............#...................
...................####..##......
.#........#........#####.###.....
.########.##.#........##.###.....
......###.##)#####.##..#.........
#.[...........[o♣..........#...##
#......###...#####.####.>..#.###
#......# ##...# #.####......#
#......# ##.)####....#....### ##
#......# #....#####.#....# ##.
.......## #.##.##.........# ##..
#.......## #.##....#####...# #..#
#......).###.#..#.<..# #...###.##
######.#..##.#.....#.# ##...##.#


You could see an orc wizard.

Vanquished Creatures
  An orc priest (D:2)
  3 gnolls
  5 adders
  A worm (D:2)
  5 dart slugs
  2 leopard geckos
  2 orcs (D:3)
  6 bats
  2 giant cockroaches
  2 goblins
  4 hobgoblins
  A quokka (D:2)
  2 ball pythons
  3 frilled lizards
  10 kobolds
  8 rats
57 creatures vanquished.

Notes
Turn   | Place    | Note
-------+----------+-------------------------------------------
     0 | D:1      | KarmaPolice the Halfling Hunter began the quest for the Orb.
     0 | D:1      | Reached XP level 1. HP: 14/14 MP: 1/1
   115 | D:1      | Reached skill level 6 in Slings
   420 | D:1      | Reached skill level 1 in Short Blades
   420 | D:1      | Reached XP level 2. HP: 18/19 MP: 2/2
   440 | D:1      | Upgraded the game from 0.22-a0-587-g7d32d7c to 0.22-a0-614-g34fbaa0
   914 | D:2      | Reached XP level 3. HP: 24/24 MP: 3/3
  1254 | D:2      | Reached XP level 4. HP: 28/30 MP: 4/4
  1541 | D:2      | Found a snail-covered altar of Cheibriados.
  1902 | D:1      | Reached XP level 5. HP: 36/36 MP: 5/5
  1942 | D:2      | Reached skill level 7 in Slings
  2440 | D:2      | Killed from afar by an orc wizard

Vault maps used:
D:1:      dpeg_arrival_prison, minivault_25
D:2:      lemuel_doored_altar, minmay_box_of_dots

Skill      XL: |  1  2  3  4  5 |
---------------+----------------+-----
Fighting       | 2 3 |  3.2
Slings         | 6 7 |  7.3
Short Blades   | 1 2 3 |  3.3
Dodging        | |  2.1
Stealth        | |  1.1

Action                   |  1- 3 |  4- 6 || total
-------------------------+-------+-------++-------
Melee: Short sword       |   111 |    48 ||   159
 Fire: Hunting sling     |    18 |    71 ||    89
  Use: Potion            |       |     1 ||     1
 Stab: Sleeping          |     1 |       ||     1
  Eat: Chunk             |     1 |     3 ||     4
Armor: Leather armour    |    36 |    26 ||    62
       Skin              |       |     6 ||     6
Dodge: Dodged            |   157 |    43 ||   200

Table legend:
 A = Spawn XP
 B = Non-spawn XP
 C = Spawn XP percentage of total XP
 D = Spawn monster count
 E = Non-spawn monster count
 F = Spawn count percentage of total count
 G = Total turns spent on level
                    A         B        C        D         E        F      G
               +---------+---------+-------+---------+---------+-------+---------
         Total |       0 |     243 |   0.0 |       0 |      57 |   0.0 |  2440
               +---------+---------+-------+---------+---------+-------+---------
           D:1 |       0 |      57 |   0.0 |       0 |      19 |   0.0 |  1166
           D:2 |       0 |     172 |   0.0 |       0 |      32 |   0.0 |  1231
           D:3 |       0 |      14 |   0.0 |       0 |       6 |   0.0 |    43
               +---------+---------+-------+---------+---------+-------+---------
